 Dungeon Crawl Stone Soup version 0.17.2-1-ge4368a0 (webtiles) character file.

3182 jacquesderrida the Martial Artist (level 9, 0/50 HPs)
             Began as a Vine Stalker Wanderer on Oct 23, 2016.
             Was a Follower of Nemelex Xobeh.
             Succumbed to a worker ant's poison
             ... on level 9 of the Dungeon.
             The game lasted 00:16:56 (2963 turns).

jacquesderrida the Martial Artist (VSWn)            Turns: 2963, Time: 00:16:56

Health: 0/50       AC:  9    Str: 13    XL:     9   Next: 95%
Magic:  0/13       EV: 10    Int: 16    God:    Nemelex Xobeh [*.....]
Gold:   296        SH:  5    Dex: 18    Spells: 0 memorised, 8 levels left

rFire  . . .     SeeInvis .       - Unarmed
rCold  . . .     Clarity  .     h - +0 ring mail
rNeg   . . .     SustAt   .     c - +0 buckler
rPois  .         Gourm    .     (no helmet)
rElec  .         Spirit   +     F - +0 cloak
rCorr  .         Warding  .     (no gloves)
rMut   .         Stasis   .     y - +2 pair of boots of the Assassin {DetectMon Stab+ Stlth++}
MR     +....                    (no amulet)
Stlth  +++.......               (no ring)
                                D - +3 ring of dexterity

@: lethally poisoned (0 -> -5), flying, somewhat resistant to hostile
enchantments, fairly stealthy
A: fangs 3, regeneration 2, magic shield, antimagic bite, no device heal 3, rot
immunity
a: Renounce Religion


You were on level 9 of the Dungeon.
You worshipped Nemelex Xobeh.
Nemelex Xobeh was aware of your devotion.
You were not hungry.

You visited 1 branch of the dungeon, and saw 9 of its levels.

You collected 296 gold pieces.

Inventory:

Hand Weapons
 a - a +2 short sword
 r - a +1 dagger of venom
Missiles
 q - a throwing net
 w - 5 silver tomahawks (quivered)
Armour
 c - a +0 buckler (worn)
 d - a +0 robe
 h - a +0 ring mail (worn)
 y - the +2 pair of boots of the Assassin (worn) {DetectMon Stab+ Stlth++}
   (You found it on level 5 of the Dungeon)

   It makes you much more stealthy.
 F - a +0 cloak (worn)
Jewellery
 D - a +3 ring of dexterity (left hand)
Wands
 C - a wand of fireball (0)
 J - a wand of disintegration (14)
Scrolls
 g - 2 scrolls of enchant armour {unknown}
 i - 6 scrolls of identify {unknown}
 k - a scroll of teleportation {unknown}
 n - a scroll of noise {unknown}
 u - 2 scrolls of amnesia {unknown}
 v - 4 scrolls of remove curse {unknown}
 x - 2 scrolls of magic mapping {unknown}
 H - a scroll of random uselessness {unknown}
Potions
 b - 2 potions of lignification
 j - a potion of cure mutation {unknown}
 l - 2 potions of curing {unknown}
 m - 2 potions of ambrosia {unknown}
 o - a potion of berserk rage {unknown}
 p - a potion of poison {unknown}
 s - a potion of flight
 t - a potion of degeneration {unknown}
 z - 2 potions of haste {unknown}
 B - a potion of cancellation {unknown}
Miscellaneous
 E - a plain deck of escape {drawn: 1}
 G - a plain deck of escape
Comestibles
 e - 4 bread rations
 f - 3 beef jerkies
 A - a meat ration
 I - 2 chunks of flesh


   Skills:
 + Level 7.3 Fighting
 - Level 2.6 Short Blades
 - Level 1.0 Dodging
 - Level 1.2 Stealth
 + Level 2.7 Shields
 * Level 10.0 Unarmed Combat
 + Level 4.5 Evocations


You had 8 spell levels left.
You didn't know any spells.

Dungeon Overview and Level Annotations

Branches:
Dungeon (9/15)             Temple (0/1) D:7
   Lair: D:8-11         Orc: D:9-12

Altars:
Elyvilon
Makhleb
Nemelex Xobeh
Ru
Sif Muna
Trog
Xom
Yredelemnul
The Shining One

Annotations:
D:2 Terence
D:9 Psyche


Innate Abilities, Weirdness & Mutations

You have razor-sharp teeth.
You heal very quickly.
When hurt, damage is shared between your health and your magic reserves.
Your bite disrupts and absorbs the magic of your enemies.
Potions and wands cannot restore your health.
You are immune to rotting.


Message History

You feel sick.
You see here 2 arrows.
You feel sick. The worker ant bites you.
* * * LOW HITPOINT WARNING * * *
You are lethally poisoned!
The worker ant poisons you!
* * * LOW HITPOINT WARNING * * *
You feel sick.
There is an open door here.
Drink which item? (? for menu, Esc to quit)
It was a potion of flight.
You feel very buoyant.
You fly up into the air.
* * * LOW HITPOINT WARNING * * *
You feel sick. The worker ant bites you.
* * * LOW HITPOINT WARNING * * *
You are more poisoned.
The worker ant poisons you!
You die...
Your body glows slightly and disappears.

#############
#...........#
#######...........+
#...'.#...........#
#.#@#a#...........#
#.#Y#...........#
#######.#(#...........#
........#Y#[..........#
#######.#.Y(..........#
#...###.(.........#
###.### #.Y(..>.....#
#.....# #...........#
#'##### #...........#


There were no monsters in sight!

Vanquished Creatures
  The ghost of Goblin1989 the Quickloader, a novice KoBe of Trog (D:6)
  Eustachio (D:5)
  2 hippogriffs
  Menkaure (D:5)
  An orc warrior (D:6)
  2 ice beasts
  2 sky beasts
  2 ogres
  2 centaurs
  A giant frog (D:6)
  3 scorpions
  5 wights (D:6)
  7 crimson imps
  2 hounds (D:6)
  A giant frog zombie (D:5)
  3 jellies
  4 orc priests
  Jessica (D:2)
  2 orc wizards
  6 iguanas
  2 worker ants (D:5)
  A hound zombie (D:5)
  A hound skeleton (D:6)
  A worker ant zombie (D:7)
  5 adders
  9 gnolls
  2 oozes
  2 giant geckos
  12 orcs
  A ball python (D:2)
  2 giant cockroaches
  2 hobgoblins
  6 jackals
  A sheep (D:5)
  3 bats
  3 giant newts
  2 goblins
  A jackal zombie (D:5)
  3 kobolds
  2 quokkas (D:9)
  2 rats (D:2)
112 creatures vanquished.

Notes
Turn   | Place    | Note
--------------------------------------------------------------
     0 | D:1      | jacquesderrida the Vine Stalker Wanderer began the quest for the Orb.
     0 | D:1      | jacquesderrida set off with: a +2 short sword, a potion of lignification, a +0 buckler, a +0 robe, a bread ration
     0 | D:1      | Reached XP level 1. HP: 12/12 MP: 2/2
   129 | D:1      | Reached skill level 1 in Unarmed Combat
   132 | D:1      | Reached XP level 2. HP: 15/17 MP: 3/3
   194 | D:2      | Noticed Jessica
   206 | D:2      | Killed Jessica
   206 | D:2      | Reached XP level 3. HP: 11/21 MP: 4/4
   269 | D:2      | Reached skill level 4 in Fighting
   294 | D:2      | Reached XP level 4. HP: 17/25 MP: 5/5
   387 | D:2      | Noticed Terence
   470 | D:3      | Reached XP level 5. HP: 11/29 MP: 3/6
   754 | D:4      | Found a bloodstained altar of Trog.
   813 | D:5      | Entered Level 5 of the Dungeon
   827 | D:5      | Gained mutation: You heal very quickly. [Vine Stalker growth]
   827 | D:5      | Reached XP level 6. HP: 18/34 MP: 5/7
   830 | D:5      | Noticed an ogre
   867 | D:5      | Noticed a sky beast
   878 | D:5      | Killed an ogre
   878 | D:5      | Reached skill level 5 in Fighting
   878 | D:5      | Reached skill level 5 in Unarmed Combat
   913 | D:5      | Killed a sky beast
   913 | D:5      | Reached XP level 7. HP: 26/39 MP: 5/8
  1009 | D:5      | Reached skill level 6 in Unarmed Combat
  1091 | D:5      | Found a shimmering altar of Xom.
  1194 | D:5      | Found a sparkling altar of Nemelex Xobeh.
  1202 | D:5      | Found a deep blue altar of Sif Muna.
  1212 | D:5      | Found a burning altar of Makhleb.
  1212 | D:5      | Found a basalt altar of Yredelemnul.
  1268 | D:5      | Became a worshipper of Nemelex Xobeh the Trickster
  1323 | D:5      | Received a gift from Nemelex Xobeh
  1358 | D:5      | Noticed Menkaure
  1363 | D:5      | Noticed Eustachio
  1366 | D:5      | Killed Menkaure
  1366 | D:5      | Reached skill level 1 in Evocations
  1408 | D:5      | Killed Eustachio
  1408 | D:5      | Reached skill level 7 in Unarmed Combat
  1408 | D:5      | Gained mutation: You have razor-sharp teeth. [Vine Stalker growth]
  1408 | D:5      | Reached XP level 8. HP: 25/44 MP: 5/10
  1620 | D:6      | Noticed Goblin1989's ghost (novice KoBe)
  1655 | D:6      | Killed Goblin1989's ghost
  1655 | D:6      | Reached skill level 8 in Unarmed Combat
  1720 | D:6      | Found a white marble altar of Elyvilon.
  1735 | D:6      | Reached XP level 9. HP: 49/49 MP: 12/12
  2010 | D:6      | Reached skill level 9 in Unarmed Combat
  2136 | D:7      | Received a gift from Nemelex Xobeh
  2167 | D:7      | Found a staircase to the Ecumenical Temple.
  2261 | D:7      | Reached * piety under Nemelex Xobeh
  2396 | D:7      | Received a gift from Nemelex Xobeh
  2705 | D:9      | Noticed Psyche
  2838 | D:9      | Reached skill level 10 in Unarmed Combat
  2895 | D:9      | Found a sacrificial altar of Ru.
  2897 | D:9      | Found a glowing golden altar of the Shining One.
  2962 | D:9      | HP: 1/50 [worker ant (2)]
  2963 | D:9      | Succumbed to a worker ant's poison

Action                   |  1- 3 |  4- 6 |  7- 9 || total
-------------------------+-------+-------+-------++-------
Melee: Short sword       |    49 |    54 |       ||   103
       Dagger            |       |    73 |   115 ||   188
       Unarmed           |       |       |   236 ||   236
Throw: Tomahawk          |       |     7 |     9 ||    16
       Throwing net      |       |       |     1 ||     1
Evoke: Deck              |       |       |    10 ||    10
       Wand              |       |       |     3 ||     3
  Use: Potion            |       |       |     1 ||     1
 Stab: Sleeping          |       |       |     8 ||     8
  Eat: Chunk             |       |       |     3 ||     3
       Bread ration      |       |       |     1 ||     1
